 Dungeon Crawl Stone Soup version 0.31-a0-164-g2312942fda (webtiles) character file.

Game seed: 10000142653990108643

16658 Anon1729 the Fighter (level 12, -3/105 (110) HPs)
             Began as a Minotaur Monk on June 13, 2023.
             Was a Follower of Uskayaw.
             Hit by a boomerang of dispersal thrown by an orc warrior (5 damage)
             ... on level 2 of the Orcish Mines.
             The game lasted 00:10:46 (10510 turns).

Anon1729 the Fighter (Minotaur Monk)               Turns: 10510, Time: 00:10:47

HP:   -3/105 (110)  AC: 12    Str: 16      XL:     12   Next: 12%
MP:   12/17         EV: 18    Int:  2 (7)  God:    Uskayaw [*.....]
Gold: 1789          SH:  5    Dex: 18      Spells: 11/11 levels left

rFire   + . .        h - +1 dagger (elec)
rCold   . . .        d - orb {light}
rNeg    . . .        s - +0 chain mail
rPois   .            I - +1 hat
rElec   .            (no cloak)
rCorr   .            (no gloves)
SInv    .            (no boots)
Will    .....        K - amulet of reflection Stlth
                     g - ring of protection from fire
HPRegen 0.37/turn    o - +5 ring of evasion
MPRegen 0.15/turn

%: reflection
@: glowing, lightly drained
A: horns 2, retaliatory headbutt
a: Renounce Religion, Stomp


You were on level 2 of the Orcish Mines.
You worshipped Uskayaw.
Uskayaw was aware of your devotion.
You visited 3 branches of the dungeon, and saw 13 of its levels.
You also visited: Ossuary.

You collected 1925 gold pieces.
You spent 136 gold pieces at shops.

Inventory:

Hand Weapons
 a - a +0 short sword
 h - a +1 dagger of electrocution (weapon)
Missiles
 L - 2 throwing nets
Armour
 b - a +0 robe
 d - an orb of light (worn)
 s - a +0 chain mail (worn)
 I - a +1 hat (worn)
Jewellery
 g - a ring of protection from fire (left hand)
 i - an amulet of magic regeneration
 j - a ring of protection from cold
 o - a +5 ring of evasion (right hand)
 K - an amulet of reflection (around neck)
 Q - an amulet of the acrobat
Wands
 f - a wand of iceblast (11)
 B - a wand of quicksilver (3)
 F - a wand of paralysis (10)
 H - a wand of flame (13)
 P - a wand of mindburst (11)
Scrolls
 k - 7 scrolls of teleportation
 q - 3 scrolls of amnesia
 r - a scroll of silence {unknown}
 t - 6 scrolls of enchant weapon
 v - 2 scrolls of poison
 w - 3 scrolls of vulnerability
 x - 2 scrolls of fog
 y - 3 scrolls of revelation
 z - a scroll of enchant armour {unknown}
 A - 2 scrolls of immolation
 R - 2 scrolls of identify
Potions
 c - a potion of ambrosia
 e - 2 potions of brilliance
 l - 5 potions of degeneration
 m - 3 potions of might
 n - 2 potions of curing
 p - 3 potions of cancellation {unknown}
 u - 2 potions of magic {unknown}
 D - 3 potions of lignification {unknown}
 E - 2 potions of enlightenment {unknown}
 G - a potion of resistance {unknown}
 J - a potion of berserk rage {unknown}
 M - 3 potions of haste {unknown}
 N - a potion of mutation {unknown}
 O - 2 potions of heal wounds {unknown}


   Skills:
 + Level 11.3 Fighting
 + Level 10.5 Short Blades
 + Level 10.7 Armour
 + Level 10.4 Dodging
 + Level 9.0 Invocations


You had 11 spell levels left.
You didn't know any spells.
Your spell library contained the following spells:

 Spells                   Type           Power      Damage    Failure   Level
 Slow                     Hex            0%         N/A       99%         1
 Ensorcelled Hibernation  Hex/Ice        0%         N/A       100%        2
 Passwall                 Tmut/Erth      0%         N/A       100%        2
 Static Discharge         Conj/Air       0%         2-2/arc   100%        2
 Call Canine Familiar     Summ           0%         N/A       100%        3
 Confusing Touch          Hex            0%         N/A       100%        3
 Spider Form              Tmut/Pois      0%         N/A       100%        3
 Vampiric Draining        Necr           0%         2d6       100%        3
 Airstrike                Air            0%         2d(0-16)  100%        4
 Anguish                  Hex/Necr       0%         N/A       100%        4
 Summon Lightning Spire   Summ/Air       0%         N/A       100%        4
 Haunt                    Necr/Summ      0%         N/A       100%        7
 Summon Horrible Things   Summ           0%         N/A       100%        8


Dungeon Overview and Level Annotations

Branches:
Dungeon (10/15)            Temple (1/1) D:6             Orc (2/2) D:9
    Elf (0/3) Orc:2       Ossuary (visited)
   Lair: D:8-11

Altars:
Ashenzari
Cheibriados
Dithmenos
Elyvilon
Gozag
Hepliaklqana
Kikubaaqudgha
Nemelex Xobeh
Qazlal
Ru
Sif Muna
Trog
Uskayaw
Vehumet
Wu Jian
Xom
Yredelemnul
Zin
The Shining One

Shops:
D:4 [?   D:5 (   D:6 (*   Orc:2 *?

Annotations:
D:3 2 transporters, oufanbear's ghost, amateur MiBe
D:6 3 runed translucent doors, oufanbear's ghost, novice MiFi


Innate Abilities, Weirdness & Mutations

You have a pair of horns on your head.
You reflexively headbutt those who attack you in melee.


Message History

You feel your intelligence returning.
Your Invocations skill increases to level 9!
The orc sorcerer attacks as you move away!
The orc sorcerer hits you with a +0 dagger.
The orc sorcerer gestures at you while chanting.
The bolt of negative energy hits you!!
You feel drained.
* * * LOW HITPOINT WARNING * * *
The bolt of negative energy hits the orc priest!!!
The orc priest is drained!
The orc priest dies!
You hear a shout!
The orc warrior closely misses you.
Things that are here:
a +0 short sword; a +0 ring mail; an orc corpse The orc warrior hits you with a +0 halberd!
* * * LOW HITPOINT WARNING * * *
The orc priest mumbles some strange prayers to Beogh against you.
Beogh smites you!
* * * LOW HITPOINT WARNING * * *
The orc high priest mumbles some strange prayers to Beogh.
Okay, then.
Blink to where?
Press: ? - help, Dir - move target
As you read the scroll of blinking, it crumbles to dust.
The orc warrior is no longer sharing its pain.
The orc sorcerer mumbles some strange words.
Aiming: Paralyse
Press: ? - help, Shift-Dir - straight line, f - orc warrior
Aim: an orc warrior, wielding a +0 flail and wearing a +0 chain mail (chance to affect: 49%)
The orc warrior resists with some effort.
An orc comes into view. It is wielding a +0 club.
Found 21 gold pieces.
An orc warrior and an orc priest come into view.
The orc warrior is wielding a +0 short sword and quivering boomerangs of dispersal.
The orc priest invokes the aid of Beogh against you.
Beogh smites you!
* * * LOW HITPOINT WARNING * * *
The orc warrior throws a boomerang of dispersal.
The boomerang of dispersal hits you.
You die...

###...##.## .$....
#.........# ......
##.......###.#.o..o
#...#...o#.........
##.#....#........o.
####.##o..........
#####...#......
##..#......
#..@.......
#...##..... #....#
.... ##.... #.#
#..... ##..## ####


You could see an orc sorcerer, 2 orc warriors and an orc priest.

Vanquished Creatures
  An ettin (Orc:2)
  A two-headed ogre (D:10)
  An orc high priest (Orc:2)
  Pikel (D:5)
  3 orc knights
  An orc sorcerer (Orc:2)
  A cyclops (D:10)
  An orange demon (Orc:2)
  A kobold demonologist (D:7)
  An unseen horror (D:7)
  A troll (D:10)
  Sigmund (D:4)
  A vampire (D:10)
  2 wraiths (D:10)
  14 yaks
  A ynoxinul (Orc:2)
  A steam dragon (D:9)
  A neqoxec (Orc:2)
  Menkaure (D:4)
  A warg (D:9)
  3 acid dragons (D:9)
  Duvessa (D:4)
  4 water moccasins
  21 orc warriors
  An ice beast (D:6)
  2 ogres
  7 centaurs
  A phantom (D:5)
  3 lemures (D:5)
  A bullfrog (D:9)
  A kobold brigand (D:8)
  15 scorpions
  7 wights
  Dowan (D:4)
  11 killer bees
  5 howler monkeys
  6 human zombies (Ossuary)
  A centaur zombie (Ossuary)
  4 hounds
  A gnoll bouda (D:6)
  25 orc priests
  5 sleepcaps
  4 iguanas
  15 orc wizards
  3 mummies (Ossuary)
  Robin (D:3)
  2 adders
  18 gnolls
  A shadow imp (D:8)
  A white imp (D:7)
  An ufetubus (D:7)
  6 worms
  A dart slug (D:4)
  41 orcs
  13 ball pythons
  6 bats
  6 endoplasms
  A giant cockroach (D:4)
  13 hobgoblins
  11 jackals
  7 quokkas
  A frilled lizard (D:1)
  2 gnoll zombies (Ossuary)
  15 goblins
  2 goblin zombies (Ossuary)
  A hobgoblin zombie (Ossuary)
  9 kobolds
  3 kobold zombies (Ossuary)
  2 orc zombies (Ossuary)
  4 rats
352 creatures vanquished.

Vanquished Creatures (others)
  A bullfrog (D:6)
  An orc priest (Orc:2)
  An ufetubus (D:6)
3 creatures vanquished.

Grand Total: 355 creatures vanquished

Notes
Turn   | Place    | Note
-------+----------+-------------------------------------------
     0 | D:1      | Anon1729 the Minotaur Monk began the quest for the Orb.
     0 | D:1      | Reached XP level 1. HP: 19/19 MP: 0/0
   117 | D:1      | Reached XP level 2. HP: 27/27 MP: 1/1
   176 | D:1      | Reached skill level 1 in Armour
   751 | D:2      | Reached skill level 1 in Invocations
   751 | D:2      | Reached XP level 3. HP: 33/33 MP: 2/2
   807 | D:2      | Reached skill level 4 in Fighting
  1473 | D:2      | Reached XP level 4. HP: 24/40 MP: 2/4
  1611 | D:3      | Found a transporter.
  1649 | D:3      | Noticed oufanbear's ghost (amateur MiBe)
  1871 | D:3      | Noticed Robin
  2047 | D:3      | Killed Robin
  2048 | D:3      | Reached XP level 5. HP: 47/47 MP: 5/5
  2091 | D:3      | Found a transporter.
  2207 | D:4      | Found Taput's Armour Shoppe.
  2371 | D:4      | Noticed Duvessa
  2371 | D:4      | Noticed Dowan
  2380 | D:4      | Reached XP level 6. HP: 44/55 MP: 6/6
  2395 | D:4      | Killed Duvessa
  2396 | D:4      | Reached skill level 5 in Fighting
  2398 | D:4      | Killed Dowan
  2584 | D:4      | Noticed Menkaure
  2592 | D:4      | Killed Menkaure
  2593 | D:4      | Reached skill level 5 in Dodging
  2593 | D:4      | Reached XP level 7. HP: 59/61 MP: 8/8
  2623 | D:4      | Found Kaev's Magic Scroll Emporium.
  2631 | D:4      | Bought a scroll of blinking for 97 gold pieces
  2631 | D:4      | Bought a scroll of teleportation for 39 gold pieces
  2654 | D:4      | Identified the +3 ring mail of Rupt {rElec rN+++ Will-
                  | Dex-3}
  2683 | D:4      | Noticed Sigmund
  2693 | D:4      | Killed Sigmund
  2694 | D:4      | Reached skill level 5 in Short Blades
  2880 | D:5      | Entered Level 5 of the Dungeon
  2919 | D:5      | Found Woti's Firing Range.
  3198 | D:5      | Found a sacrificial altar of Ru.
  3224 | D:5      | Found a white marble altar of Elyvilon.
  3224 | D:5      | Noticed Pikel
  3226 | D:5      | Reached skill level 6 in Fighting
  3237 | D:5      | Killed Pikel
  3238 | D:5      | Reached skill level 5 in Armour
  3238 | D:5      | Reached XP level 8. HP: 18/71 MP: 8/10
  3978 | D:6      | Noticed a two-headed ogre
  3978 | D:6      | Noticed a green ugly thing
  3979 | D:6      | Found a runed translucent gate.
  3979 | D:6      | Found a runed translucent gate.
  3980 | D:6      | Found a runed translucent gate.
  3982 | D:6      | Noticed oufanbear's ghost (novice MiFi)
  3990 | D:6      | Reached skill level 7 in Fighting
  4070 | D:6      | Found a shimmering altar of Xom.
  4078 | D:6      | Reached skill level 5 in Invocations
  4078 | D:6      | Reached XP level 9. HP: 79/79 MP: 11/11
  4491 | D:6      | Found Ryast's Gadget Gallery.
  4554 | D:6      | Found Viul's Antique Weapon Shop.
  4889 | D:6      | Found a staircase to the Ecumenical Temple.
  5034 | Temple   | Entered the Ecumenical Temple
  5055 | Temple   | Became a worshipper of Uskayaw the Reveller
  5055 | Temple   | Reached * piety under Uskayaw
  5116 | D:7      | Reached ** piety under Uskayaw
  5168 | D:7      | Found a sand-covered staircase.
  5240 | Ossuary  | Entered an ossuary
  5295 | Ossuary  | Reached *** piety under Uskayaw
  5297 | Ossuary  | Reached **** piety under Uskayaw
  5298 | Ossuary  | Reached skill level 8 in Fighting
  5309 | Ossuary  | Reached ***** piety under Uskayaw
  5644 | D:7      | Noticed a kobold demonologist
  5645 | D:7      | Noticed an unseen horror
  5655 | D:7      | Killed an unseen horror
  5656 | D:7      | Reached XP level 10. HP: 82/90 MP: 13/13
  5827 | D:7      | Found a stormy altar of Qazlal.
  5983 | D:7      | Got the Textbook on Geological Adjuration
  6414 | D:8      | Reached skill level 9 in Fighting
  7261 | D:9      | Found a staircase to the Orcish Mines.
  7374 | D:9      | Found a basalt altar of Yredelemnul.
  7395 | D:9      | Identified a scroll of acquirement
  7396 | D:9      | Acquired 1094 gold pieces
  7687 | D:9      | Reached XP level 11. HP: 89/99 MP: 15/15
  7972 | D:9      | Reached skill level 10 in Fighting
  8241 | D:10     | Entered Level 10 of the Dungeon
  8387 | D:10     | Found a hazy altar of Hepliaklqana.
  8752 | D:10     | Found a sacrificial altar of Ru.
  8754 | D:10     | Noticed a two-headed ogre
  8765 | D:10     | Killed a two-headed ogre
  8862 | D:10     | Found a basalt altar of Yredelemnul.
  9037 | D:10     | Found an ornate altar of the Wu Jian Council.
  9100 | D:10     | Found a snail-covered altar of Cheibriados.
  9229 | Orc:1    | Entered Level 1 of the Orcish Mines
  9230 | Orc:1    | Noticed an orc knight
  9248 | Orc:1    | Killed an orc knight
  9444 | Orc:2    | Entered Level 2 of the Orcish Mines
  9444 | Orc:2    | Noticed an orc sorcerer
  9469 | Orc:2    | Killed an orc sorcerer
  9470 | Orc:2    | Reached skill level 10 in Armour
  9474 | Orc:2    | Reached ****** piety under Uskayaw
  9671 | Orc:2    | Noticed an orc knight
  9690 | Orc:2    | Noticed an ettin
  9696 | Orc:2    | Killed an ettin
  9697 | Orc:2    | Reached skill level 10 in Short Blades
  9697 | Orc:2    | Reached skill level 10 in Dodging
  9701 | Orc:2    | Killed an orc knight
  9735 | Orc:1    | Reached skill level 11 in Fighting
 10386 | Orc:2    | Found a staircase to the Elven Halls.
 10436 | Orc:2    | Noticed an orc high priest
 10446 | Orc:2    | Killed an orc high priest
 10447 | Orc:2    | Reached XP level 12. HP: 88/110 MP: 17/17
 10452 | Orc:2    | Found Geecibea's General Store.
 10453 | Orc:2    | Found Ycotasmi's Magic Scroll Shop.
 10485 | Orc:2    | Noticed an orc high priest
 10510 | Orc:2    | HP: 2/105 [orc priest/divine providence (12)]
 10510 | Orc:2    | Hit by a boomerang of dispersal thrown by an orc warrior

Illustrated notes

Levels and vault maps discovered:
D:1:      minmay_arrival_up_and_down, layout_basic
D:2:      layout_loops_ring
D:3:      layout_basic, gammafunk_ghost_mausoleum, minmay_misc_feat_plants,
          uniq_robin
D:4:      layout_rooms, serial_shops, nicolae_shop_hallway_stairs, shop,
          eino_small_chamber_without_monster, uniq_menkaure, uniq_sigmund,
          uniq_duvessa
D:5:      layout_basic, mainiacjoe_overflow_large_starburst,
          nicolae_shop_firing_range, uniq_pikel
D:6:      layout_loops_ring, xom_confusion_cloud,
          minmay_temple_entry_proselytizer, gammafunk_ghost_split, serial_shops,
          shop, nicolae_shop_gadgets
D:7:      kennysheep_big_flooded_room, layout_cave_pools, kennysheep_mini_moat,
          nicolae_ossuary_entry_ruins, minmay_misc_feat_five
D:8:      layout_gridville
D:9:      layout_basic, mainiacjoe_overflow_24_doors, erik_orc_4,
          enter_bailey_2, minivault_4
D:10:     layout_small_grid, slow_altar_2, lemuel_coloured_pillars_altar,
          lemuel_crystal_altar, hangedman_feature_mirror, hangedman_decor_lopped
Temple:   eino_temple_lava
Orc:1:    layout_caves, basic_altar
Orc:2:    pf_orc_diabolical, layout_caves, nicolae_orc_crystal_geode

Skill      XL: |  1  2  3  4  5  6  7  8  9 10 11 12 |
---------------+-------------------------------------+-----
Armour         | 1 2 3 5 6 7 9 10 | 10.7
Invocations    | 1 2 3 4 5 6 7 8 9 |  9.0
Fighting       | 4 5 6 7 8 9 11 | 11.3
Dodging        | 4 5 6 7 9 10 | 10.4
Short Blades   | 4 6 7 9 10 | 10.5

Action                     |  1- 3 |  4- 6 |  7- 9 | 10-12 || total
---------------------------+-------+-------+-------+-------++-------
  Melee: Short sword       |    31 |       |       |       ||    31
         Headbutt          |    14 |    30 |    92 |   147 ||   283
         Dagger            |    41 |   121 |   336 |   562 ||  1060
 Invoke: Stomp             |       |       |       |     4 ||     4
         Line Pass         |       |       |       |     4 ||     4
         Grand Finale      |       |       |       |     1 ||     1
  Evoke: Wand              |       |       |       |     1 ||     1
    Use: Scroll            |       |       |     7 |     5 ||    12
         Potion            |       |       |       |     5 ||     5
   Stab: Paralysed         |       |       |    10 |    50 ||    60
         Confused          |       |       |     1 |       ||     1
 Armour: Robe              |     8 |       |       |       ||     8
         Chain mail        |     4 |    35 |    79 |   120 ||   238
  Dodge: Dodged            |    53 |    86 |   184 |   320 ||   643
  Block: Orb               |       |       |    34 |    98 ||   132
         Reflection        |       |       |     1 |     5 ||     6

Table legend: (Time is in decaauts)
 A = Elapsed time spent in this place.
 B = Non-inter-level travel time spent in this place.
 C = Inter-level travel time spent in this place.
 D = Time resting spent in this place.
 E = Time spent auto-exploring this place.
 F = Levels seen in this place.
 G = Mean time per level.
                   A        B        C        D        E       F      G
               +--------+--------+--------+--------+--------+-----+--------+
         Total |  10107 |   9713 |    394 |   1275 |   6854 |  14 |  721.9 |
       Dungeon |   8548 |   8202 |    346 |    766 |   6210 |  10 |  854.8 |
        Temple |     30 |     11 |     19 |      0 |      7 |   1 |   30.0 |
  Orcish Mines |   1189 |   1161 |     28 |    509 |    459 |   2 |  594.5 |
       Ossuary |    339 |    339 |      0 |      0 |    178 |   1 |  339.0 |
               +--------+--------+--------+--------+--------+-----+--------+

Top non-repeatable levels by time:
     D:6: 1069 daAuts
     D:5: 1057 daAuts
     D:9: 1055 daAuts
     D:8: 984 daAuts
    D:10: 915 daAuts
     D:2: 869 daAuts
   Orc:1: 698 daAuts
     D:1: 658 daAuts
     D:4: 656 daAuts
     D:3: 653 daAuts
     D:7: 628 daAuts
   Orc:2: 491 daAuts
 Ossuary: 339 daAuts
  Temple: 30 daAuts
